 Dungeon Crawl Stone Soup version 0.23.1 (webtiles) character file.

Game seed: 16962589631945741385

105 Kniotic the Chopper (level 4, -3/58 HPs)
             Began as a Minotaur Berserker on Mar 9, 2019.
             Was a Believer of Trog.
             Slain by Ijyb
             ... wielding a +4 dagger of venom
              (6 damage)
             ... on level 3 of the Dungeon.
             The game lasted 00:01:31 (1678 turns).

Kniotic the Chopper (Minotaur Berserker)            Turns: 1678, Time: 00:01:31

Health: -3/58      AC:  2    Str: 28    XL:     4   Next: 54%
Magic:  3/3        EV: 12    Int:  4    God:    Trog [**....]
Gold:   126        SH:  0    Dex:  9    Spells: 3/3 levels left

rFire    . . .     SeeInvis .   m - +1 hand axe (flame)
rCold    . . .     Gourm    .   (no shield)
rNeg     . . .     Faith    .   b - +0 animal skin
rPois    .         Spirit   .   (helmet restricted)
rElec    .         Reflect  .   t - +1 cloak
rCorr    .         Harm     .   l - +1 pair of gloves
MR       .....                  (no boots)
Stlth    ..........             (no amulet)
HPRegen  0.19/turn              (no ring)
MPRegen  0.08/turn              (no ring)

@: berserking, lethally poisoned (-3 -> -13), corroded, very quick
A: retaliatory headbutt, horns 2
a: Berserk, Trog's Hand, Renounce Religion


You were on level 3 of the Dungeon.
You worshipped Trog.
Trog was pleased with you.
You were very hungry.

You visited 1 branch of the dungeon, and saw 3 of its levels.

You collected 126 gold pieces.

Inventory:

Hand Weapons
 m - a +1 hand axe of flaming (weapon)
Armour
 b - a +0 animal skin (worn)
 l - a +1 pair of gloves (worn)
 t - a +1 cloak (worn)
Jewellery
 a - an uncursed ring of resist corrosion {unknown}
 d - a +4 ring of intelligence {unknown}
Scrolls
 g - a scroll of immolation {unknown}
 h - a scroll of enchant armour {unknown}
 i - a scroll of fog {unknown}
 j - 2 scrolls of fear {unknown}
 k - a scroll of remove curse {unknown}
 p - 2 scrolls of teleportation {unknown}
 s - a scroll of enchant weapon {unknown}
 u - a scroll of noise {unknown}
Potions
 e - a potion of heal wounds {unknown}
 f - 3 potions of haste {unknown}
 n - a potion of curing {unknown}
 o - a potion of resistance {unknown}
 r - a potion of experience {unknown}
Comestibles
 c - 6 rations
 q - 9 chunks of flesh


   Skills:
 - Level 3.6 Fighting
 + Level 6.5 Axes
 - Level 2.4 Armour
 - Level 2.1 Dodging


You had 3 spell levels left.
You didn't know any spells.
Your spell library was empty.

Dungeon Overview and Level Annotations

Branches:
Dungeon (3/15)

Altars:
Ashenzari
Kikubaaqudgha
Nemelex Xobeh
Trog

Annotations:
D:3 Ijyb


Innate Abilities, Weirdness & Mutations

You reflexively headbutt those who attack you in melee.
You have a pair of horns on your head.


Message History

Ijyb hits you with a +4 dagger of venom.
* * * LOW HITPOINT WARNING * * *
You are lethally poisoned!
You barely miss Ijyb.
Ijyb is moderately wounded.
* * * LOW HITPOINT WARNING * * *
You feel sick. Ijyb barely misses you.
You closely miss Ijyb.
Ijyb is moderately wounded.
* * * LOW HITPOINT WARNING * * *
You feel sick.
A leopard gecko comes into view.
You closely miss Ijyb.
The leopard gecko hisses angrily.
Your headbutt misses Ijyb.
Ijyb is moderately wounded.
* * * LOW HITPOINT WARNING * * *
You feel sick.
Ijyb hits you with a +4 dagger of venom.
You die...

###### #..... ## #.....
...### #.....
..)...########## #...#.
l.......#......## #.....
......g@........######..
........................
...(⌠............######.
........................
#._.....................
#.......................
##..............#.......
#.#####..............#.
.................#


You could see Ijyb and a leopard gecko.

Vanquished Creatures
  5 adders
  An ooze (D:1)
  A worm (D:2)
  A dart slug (D:3)
  2 leopard geckos
  2 orcs (D:3)
  4 giant cockroaches
  10 goblins
  4 hobgoblins
  6 bats
  4 frilled lizards
  5 kobolds
  2 rats (D:1)
47 creatures vanquished.

Notes
Turn   | Place    | Note
-------+----------+-------------------------------------------
     0 | D:1      | Kniotic the Minotaur Berserker began the quest for the Orb.
     0 | D:1      | Reached XP level 1. HP: 19/19 MP: 0/0
   151 | D:1      | Reached skill level 4 in Axes
   289 | D:1      | Reached XP level 2. HP: 22/26 MP: 1/1
   815 | D:2      | Reached skill level 5 in Axes
   930 | D:2      | Found a sparkling altar of Nemelex Xobeh.
   997 | D:2      | Reached XP level 3. HP: 31/31 MP: 2/2
  1479 | D:3      | Reached ** piety under Trog
  1479 | D:3      | Reached skill level 6 in Axes
  1479 | D:3      | Reached XP level 4. HP: 39/39 MP: 3/3
  1610 | D:3      | Found a shattered altar of Ashenzari.
  1666 | D:3      | Found a bloodstained altar of Trog.
  1669 | D:3      | Noticed Ijyb
  1670 | D:3      | Found an ancient bone altar of Kikubaaqudgha.
  1678 | D:3      | Slain by Ijyb

Skill      XL: |  1  2  3 |
---------------+----------+-----
Axes           | 4 5 6 |  6.5
Fighting       | |  3.6
Armour         | |  2.4
Dodging        | |  2.1

Action                   |  1- 3 |  4- 6 || total
-------------------------+-------+-------++-------
Melee: Hand axe          |    56 |    36 ||    92
       Headbutt          |     6 |     5 ||    11
Invok: Berserk           |       |     1 ||     1
  Eat: Chunk             |     2 |       ||     2
Armor: Animal skin       |     8 |    16 ||    24
Dodge: Dodged            |    33 |    19 ||    52
